cohdb
Replays
Latest Replays
All Replays
Popular Replays
Top Player Replays
Match Explorer
How It Works
Community
CoH3 Stats
Reddit
Sign in to upload your games and track your stats! →
Sign in with Steam
Match 43642061
Unlisted
Match 43642061
Overview
Messages
Build Orders
End
Panzergrenadier Squad
Selects Panzerjäger Kommand Battlegroup
Selects Mine Fields
Panzergrenadier Squad
Construct Light Support Kompanie
2.5-tonne Medical Truck
Selects Tank Busters
Panzerjäger Squad
Panzergrenadier Squad
Construct Mechanized Kompanie
Support Armor Elements
StuG III D Assault Gun
Panzerjäger Mechanized Group
Marder III Tank Destroyer
Emergency Repair Kits
Selects Crew Shock Tactics
254 Reconnaissance Tractor
Marder III Tank Destroyer
Marder III Tank Destroyer
Construct Panzerarmee Kommand
Selects Anti-tank Overwatch
Vehicle Survival Package
Panzer III L Medium Tank
Assault Mechanized Group
Rapid Advance
Marder III Tank Destroyer
Crew Shock Tactics
Anti-tank Overwatch
Symbiosis
CAuMOH
BALCK_9
Ghost
0
0
Comments
sign in to comment!
No comments posted yet!